 Dungeon Crawl Stone Soup version 0.23.2-30-g0e89c35649 (webtiles) character file.

Game seed: 14961309854384123170

12691 funkygono the Thaumaturge (level 11, -4/84 HPs)
             Began as a Purple Draconian Conjurer on June 23, 2019.
             Was a Believer of Vehumet.
             Slain by a jumping spider (16 damage)
             ... on level 2 of the Lair of Beasts on June 24, 2019.
             The game lasted 00:53:48 (15775 turns).

funkygono the Thaumaturge (DrCj)                   Turns: 15775, Time: 00:53:48

Health: -4/84      AC: 16    Str: 11    XL:     11   Next: 65%
Magic:  1/27       EV:  8    Int: 19    God:    Vehumet [**....]
Gold:   463        SH:  0    Dex: 11    Spells: 21/34 levels left

rFire    . . .     SeeInvis .   v - staff of wizardry
rCold    . . .     Gourm    .   H - +0 buckler
rNeg     . . .     Faith    .   (armour unavailable)
rPois    .         Spirit   .   (helmet restricted)
rElec    .         Reflect  .   A - +1 cloak (curse)
rCorr    .         Harm     .   E - +1 pair of gloves
MR       +....                  r - +1 pair of boots
Stlth    +.........             j - amulet of the acrobat
HPRegen  0.24/turn              e - +3 ring of protection
MPRegen  0.20/turn              i - ring of attention (curse)

@: held
A: breathe power, unfitting armour, cold-blooded, AC +7
a: Breathe Dispelling Energy, Renounce Religion


You were on level 2 of the Lair of Beasts.
You worshipped Vehumet.
Vehumet was pleased with you.
You were not hungry.

You visited 3 branches of the dungeon, and saw 12 of its levels.
You also visited: Sewer and Gauntlet.

You collected 533 gold pieces.
You spent 70 gold pieces at shops.

Inventory:

Hand Weapons
 d - a +2 whip of electrocution
Missiles
 n - 219 stones (quivered)
Armour
 c - a +2 cloak
 r - a +1 pair of boots (worn)
 A - a cursed +1 cloak (worn)
 E - a +1 pair of gloves (worn)
 H - a +0 buckler (worn)
Magical Staves
 v - an uncursed staff of wizardry (weapon)
Jewellery
 e - a +3 ring of protection (left hand)
 i - a cursed ring of attention (right hand)
 j - an amulet of the acrobat (around neck)
 o - an uncursed ring of positive energy
 p - an uncursed ring of protection from magic
Wands
 u - a wand of digging (7)
Scrolls
 f - 3 scrolls of blinking
 t - a scroll of magic mapping
 w - 4 scrolls of teleportation
 F - 5 scrolls of identify
 L - a scroll of fog
Potions
 a - a potion of lignification
 g - a potion of ambrosia {unknown}
 h - 2 potions of might
 k - a potion of mutation
 l - 4 potions of heal wounds
 m - 2 potions of flight
 s - 2 potions of cancellation
 z - a potion of invisibility
 C - 2 potions of resistance
Miscellaneous
 q - a crystal ball of energy
Comestibles
 b - 17 rations


   Skills:
 + Level 4.0 Fighting
 + Level 2.3(3.5) Maces & Flails
 + Level 4.0(4.4) Staves
 + Level 6.3 Dodging
 + Level 3.7 Stealth
 + Level 6.1 Shields
 + Level 12.4 Spellcasting
 + Level 9.5 Conjurations
 + Level 3.1 Hexes
 + Level 1.8 Fire Magic
 + Level 1.2 Ice Magic


You had 21 spell levels left.
You knew the following spells:

 Your Spells              Type           Power        Failure   Level  Hunger
a - Magic Dart            Conj           ####         1%          1    None
b - Searing Ray           Conj           #####.       1%          2    None
c - Dazzling Spray        Conj/Hex       #####.       1%          3    None
d - Fulminant Prism       Conj/Hex       #####.....   1%          4    #......
e - Flame Tongue          Conj/Fire      ####.        1%          1    None
f - Throw Frost           Conj/Ice       ####..       1%          2    None

Your spell library contained the following spells:

 Spells                   Type           Power        Failure   Level  Hunger
 Inner Flame              Hex/Fire       ###.....     2%          3    None
 Confusing Touch          Hex            ###...       1%          1    None
 Confuse                  Hex            ###.....     1%          3    None
 Tukima's Dance           Hex            ###.....     1%          3    None
 Iskenderun's Mystic Bla  Conj           #####...     1%          4    #......
 Apportation              Tloc           ##....       2%          1    None
 Summon Butterflies       Summ           ##......     2%          1    None
 Force Lance              Conj/Tloc      ####....     3%          4    #......
 Gell's Gravitas          Tloc           ##........   7%          3    None
 Lesser Beckoning         Tloc           ##........   7%          3    None
 Petrify                  Tmut/Erth      ##......     22%         4    #......
 Metabolic Englaciation   Hex/Ice        ###.......   26%         5    ####...
 Yara's Violent Unravell  Hex/Tmut       ###.......   32%         5    ####...
 Alistair's Intoxication  Tmut/Pois      ##......     52%         5    ####...
 Invisibility             Hex            ###.....     65%         6    ######.


Dungeon Overview and Level Annotations

Branches:
Dungeon (9/15)             Temple (1/1) D:7            Lair (2/6) D:9
 Shoals (0/4) Lair:2       Spider (0/4) Lair:2
    Orc: D:9-12

Altars:
Ashenzari
Cheibriados
Dithmenos
Elyvilon
Fedhas
Gozag
Hepliaklqana
Kikubaaqudgha
Makhleb
Nemelex Xobeh
Okawaru
Qazlal
Ru
Sif Muna
Trog
Uskayaw
Vehumet
Wu Jian
Xom
Yredelemnul
Zin
The Shining One

Shops:
D:4 !   D:7 }

Annotations:
D:7 Harold
Lair:2 1 runed translucent door, 1 transporter, cjay27's ghost, journeyman DEWz


Innate Abilities, Weirdness & Mutations

You can breathe bolts of dispelling energy.
Your rich purple scales are hard. (AC +7)
You cannot fit into any form of body armour.
You are cold-blooded and may be slowed by cold attacks.


Message History

Aim: a jumping spider (severely wounded, clinging)
The magic dart hits the jumping spider but does no damage.
The jumping spider is severely wounded.
Casting: Magic Dart (safe; 1% risk of failure)
Confirm with . or Enter, or press ? or * to list all spells.
You don't have enough magic to cast that spell.
Unknown command.
The jumping spider pounces on you but does no damage.
The jumping spider bites you but does no damage.
You hit the jumping spider but do no damage.
Your tail-slap misses the jumping spider.
The jumping spider is severely wounded.
The jumping spider pounces on you.
You are caught in a web!
The jumping spider bites you but does no damage.
The web tears apart.
The jumping spider pounces on you!
* * * LOW HITPOINT WARNING * * *
You are caught in a web!
The jumping spider bites you.
* * * LOW HITPOINT WARNING * * *
The jumping spider pounces on you!
You die...

,,,,,,,,,,*,*** **** ##..
,,,,,,,,***** ##. ,,,,,,,** ##
,,,,,,,* ##. ,,,,,,** ### #.#
*,,,,,,* ### ##P###########
,,,,**** ### #.# #P....#P##.#..
,,,,,,* #.###†####.............
,,,,,** ###.#...@s##.............
,,,,,** #....}....(#....##P##....
,,,,,,**#P........#(.....###.#...
,,,,,,,*##.........#(.....##.....
,,,,,,,*#..........#.............
,,,*****####........#(.).°.......
*,*********##.....#####.#.####...
*,*,*,*,*,**#.....P# ##### ##.#
,,**,*,***,*##....## ###


You could see a jumping spider.

Vanquished Creatures
  2 two-headed ogres
  Pikel (D:8)
  5 spiny frogs (Lair:1)
  Psyche (D:8)
  3 jumping spiders (Lair:2)
  A hippogriff (Lair:1)
  3 redbacks (Lair:2)
  A wyvern (D:9)
  Sigmund (D:3)
  17 yaks
  Grum (D:8)
  A hungry ghost (D:7)
  6 water moccasins
  Purgy (Sewer)
  2 porcupines (Lair:1)
  2 orc warriors
  3 phantoms
  4 slaves (D:8)
  2 ice beasts (D:9)
  A black bear (D:8)
  A sky beast (D:9)
  3 ogres
  4 wolves
  5 centaurs
  Blork the orc (D:6)
  2 bullfrogs
  3 scorpions
  9 wights
  3 electric eels (D:7)
  5 crimson imps
  A bullfrog zombie (D:5)
  A centaur zombie (D:5)
  A quasit (D:4)
  7 hounds
  2 jellies (D:5)
  5 orc priests
  Terence (D:2)
  A bullfrog skeleton (D:7)
  2 centaur skeletons
  4 iguanas
  6 orc wizards
  5 worker ants
  A hound skeleton (D:7)
  A howler monkey zombie (D:7)
  11 adders
  An adder zombie (D:8)
  2 worms
  A dart slug (D:4)
  9 leopard geckos
  24 orcs
  9 giant cockroaches
  6 goblins (D:1)
  9 hobgoblins
  11 jackals
  6 kobolds
  4 quokkas
  8 bats
  2 frilled lizards
  A quokka skeleton (D:7)
  8 rats
244 creatures vanquished.

Vanquished Creatures (others)
  7 fulminant prisms
  4 fungi (Lair:2)
  7 plants (Lair:2)
  A withered plant (Gauntlet)
19 creatures vanquished.

Grand Total: 263 creatures vanquished

Notes
Turn   | Place    | Note
-------+----------+-------------------------------------------
     0 | D:1      | funkygono the Draconian Conjurer began the quest for the
                  | Orb.
     0 | D:1      | Reached XP level 1. HP: 14/14 MP: 3/3
   532 | D:1      | Reached XP level 2. HP: 18/20 MP: 3/5
  1105 | D:1      | Learned a level 2 spell: Searing Ray
  1515 | D:1      | Reached XP level 3. HP: 26/26 MP: 2/6
  1859 | D:1      | Learned a level 3 spell: Dazzling Spray
  1984 | D:2      | Found a faded altar of an unknown god.
  2462 | D:2      | Reached XP level 4. HP: 33/33 MP: 4/8
  2562 | D:2      | Noticed an ogre
  2568 | D:2      | Killed an ogre
  2568 | D:2      | Reached skill level 3 in Spellcasting
  2568 | D:2      | Reached skill level 5 in Conjurations
  2568 | D:2      | Reached XP level 5. HP: 39/39 MP: 1/10
  2957 | D:2      | Found a bloodstained altar of Trog.
  3225 | D:3      | Noticed Sigmund
  3227 | D:3      | Noticed Terence
  3276 | D:2      | Killed Terence
  3276 | D:2      | Reached skill level 1 in Maces & Flails
  3742 | D:3      | Killed Sigmund
  3742 | D:3      | Reached skill level 4 in Spellcasting
  3742 | D:3      | Reached XP level 6. HP: 30/46 MP: 0/12
  4035 | D:3      | Reached skill level 1 in Fighting
  4387 | D:3      | Found a bloodstained altar of Trog.
  4486 | D:4      | Your scales start taking on a rich purple colour.
  4486 | D:4      | Reached skill level 5 in Spellcasting
  4486 | D:4      | Reached XP level 7. HP: 23/52 MP: 2/15
  4570 | D:4      | Learned a level 4 spell: Fulminant Prism
  4687 | D:4      | Reached skill level 6 in Spellcasting
  4863 | D:4      | Found Goesisor's Distillery.
  4866 | D:4      | Bought a potion of heal wounds for 70 gold pieces
  5003 | D:4      | Found a glowing drain.
  5007 | Sewer    | Entered a sewer
  5101 | Sewer    | Noticed Purgy
  5112 | Sewer    | Killed Purgy
  5362 | D:5      | Entered Level 5 of the Dungeon
  5621 | D:4      | Reached skill level 7 in Spellcasting
  5628 | D:4      | Reached XP level 8. HP: 16/59 MP: 0/18
  6043 | D:5      | Reached skill level 1 in Hexes
  6648 | D:6      | Reached skill level 1 in Staves
  6723 | D:5      | Reached skill level 1 in Shields
  6852 | D:5      | Reached skill level 8 in Spellcasting
  7057 | D:6      | Noticed Blork the orc
  7063 | D:6      | Killed Blork the orc
  7499 | D:7      | Found a shadowy altar of Dithmenos.
  7500 | D:7      | Found a sparkling altar of Nemelex Xobeh.
  7500 | D:7      | Found a burning altar of Makhleb.
  7641 | D:7      | Found a staircase to the Ecumenical Temple.
  7643 | D:7      | Found Sodyzeorr's Gadget Boutique.
  7652 | Temple   | Entered the Ecumenical Temple
  7803 | Temple   | Became a worshipper of Vehumet
  7890 | D:7      | Reached XP level 9. HP: 67/67 MP: 15/21
  7925 | D:7      | Found a glowing silver altar of Zin.
  8132 | D:7      | Found an ancient bone altar of Kikubaaqudgha.
  8242 | D:7      | Reached skill level 9 in Spellcasting
  8996 | D:8      | Noticed Harold
  9459 | D:8      | Noticed Psyche
  9488 | D:8      | Killed Psyche
  9496 | D:8      | Reached skill level 10 in Spellcasting
  9731 | D:8      | Reached * piety under Vehumet
  9731 | D:8      | Offered knowledge of Flame Tongue by Vehumet.
  9819 | D:8      | Learned a level 1 spell: Flame Tongue
 10210 | D:8      | Noticed Grum
 10235 | D:8      | Killed Grum
 10427 | D:8      | Noticed Pikel
 10474 | D:8      | Killed Pikel
 10474 | D:8      | Reached skill level 5 in Shields
 10474 | D:8      | Reached XP level 10. HP: 73/74 MP: 0/24
 10693 | D:8      | Noticed a two-headed ogre
 10702 | D:8      | Killed a two-headed ogre
 11188 | D:9      | Noticed a two-headed ogre
 11199 | D:9      | Killed a two-headed ogre
 11199 | D:9      | Reached skill level 5 in Dodging
 11199 | D:9      | Reached skill level 11 in Spellcasting
 11274 | D:9      | Found a stormy altar of Qazlal.
 11528 | D:9      | Found a burning altar of Makhleb.
 11773 | D:9      | Found a basalt altar of Yredelemnul.
 11976 | D:9      | Reached skill level 1 in Fire Magic
 12211 | D:9      | Found a white marble altar of Elyvilon.
 12251 | D:9      | Found a staircase to the Lair.
 12358 | Lair:1   | Entered Level 1 of the Lair of Beasts
 12483 | Lair:1   | Found a gate leading to a gauntlet.
 12639 | Lair:1   | Noticed a spiny frog
 12662 | Lair:1   | Killed a spiny frog
 12832 | Gauntlet | Entered a Gauntlet
 12832 | Gauntlet | Found a transporter.
 12840 | Gauntlet | Noticed a torpor snail
 12841 | Gauntlet | Found a transporter.
 12843 | Gauntlet | Found a transporter.
 12845 | Gauntlet | Found a transporter.
 12855 | Gauntlet | Noticed a queen ant
 12860 | Gauntlet | Found a transporter.
 12870 | Gauntlet | Found a transporter.
 12875 | Gauntlet | Found a transporter.
 12889 | Gauntlet | Noticed an orange demon
 12889 | Gauntlet | Noticed a green death
 12890 | Gauntlet | Found a transporter.
 12909 | Gauntlet | Found a transporter.
 12913 | Gauntlet | Noticed a shining eye
 12913 | Gauntlet | a dream sheep changed into a shining eye
 12913 | Gauntlet | Noticed a salamander
 12916 | Gauntlet | Noticed a manticore
 12916 | Gauntlet | a salamander changed into a manticore
 12919 | Gauntlet | Noticed a faun
 12919 | Gauntlet | a shining eye changed into a faun
 12921 | Gauntlet | Found a transporter.
 12925 | Gauntlet | Noticed a mana viper
 12925 | Gauntlet | a faun changed into a mana viper
 12933 | Gauntlet | Found a transporter.
 12943 | Gauntlet | Noticed a thrashing horror
 12943 | Gauntlet | Noticed a thrashing horror
 12950 | Gauntlet | Found a transporter.
 12958 | Gauntlet | Noticed a hell hog
 12959 | Gauntlet | Found a transporter.
 12976 | Gauntlet | Found a transporter.
 12994 | Gauntlet | Found a transporter.
 12996 | Gauntlet | Found a transporter.
 13026 | Gauntlet | Found a transporter.
 13030 | Gauntlet | Found a transporter.
 13139 | Gauntlet | Noticed a guardian serpent
 13140 | Gauntlet | Noticed a deep troll
 13187 | Lair:1   | Noticed a spiny frog
 13187 | Lair:1   | You fall through a shaft!
 13440 | Lair:2   | Offered knowledge of Throw Frost by Vehumet.
 13445 | Lair:2   | Reached XP level 11. HP: 57/82 MP: 4/26
 13554 | Lair:2   | Learned a level 2 spell: Throw Frost
 13605 | Lair:2   | Reached ** piety under Vehumet
 13791 | Lair:2   | Found a staircase to the Shoals.
 14384 | Lair:1   | Found an iron altar of Okawaru.
 14432 | Lair:1   | Reached skill level 12 in Spellcasting
 15027 | Lair:2   | Reached skill level 1 in Ice Magic
 15124 | Lair:2   | Found a runed translucent door.
 15124 | Lair:2   | Noticed cjay27's ghost (journeyman DEWz)
 15286 | Lair:2   | Found a transporter.
 15718 | Lair:2   | Found a hole to the Spider Nest.
 15743 | Lair:2   | Offered knowledge of Inner Flame by Vehumet.
 15775 | Lair:2   | Slain by a jumping spider

Skill      XL: |  1  2  3  4  5  6  7  8  9 10 11 |
---------------+----------------------------------+-----
Dodging        | 2 3 4 5 6 |  6.3
Stealth        | 2 3 |  3.7
Spellcasting   | 3 4 5 7 8 10 11 12 | 12.4
Conjurations   | 5 6 7 8 9 |  9.5
Maces & Flails | 1 2 |  2.3
Fighting       | 1 2 3 4 |  4.0
Hexes          | 1 2 3 |  3.1
Staves         | 2 3 4 |  4.0
Shields        | 2 5 6 |  6.1
Fire Magic     | 1 |  1.8
Ice Magic      | 1 |  1.2

Action                   |  1- 3 |  4- 6 |  7- 9 | 10-12 || total
-------------------------+-------+-------+-------+-------++-------
Melee: Unarmed           |     8 |       |       |       ||     8
       Club              |    19 |    26 |     3 |       ||    48
       Tailslap          |     1 |     7 |    17 |     8 ||    33
       Staff             |       |       |   129 |    86 ||   215
 Cast: Magic Dart        |    80 |    45 |   178 |   108 ||   411
       Searing Ray       |     1 |    13 |    54 |    41 ||   109
       Dazzling Spray    |       |     2 |    26 |    22 ||    50
       Fulminant Prism   |       |       |     2 |     5 ||     7
       Flame Tongue      |       |       |    15 |    35 ||    50
       Throw Frost       |       |       |       |    25 ||    25
 Abil: Breathe Dispellin |       |       |     1 |     2 ||     3
  Use: Scroll            |     5 |     4 |    13 |     3 ||    25
       Potion            |       |     1 |     2 |     5 ||     8
 Stab: Invisible         |       |       |       |     2 ||     2
  Eat: Chunk             |     5 |     7 |    14 |    10 ||    36
       Ration            |       |       |     2 |     2 ||     4
Armor: Skin              |    10 |    20 |   142 |    85 ||   257
Dodge: Dodged            |    20 |    62 |   319 |   229 ||   630
Block: Buckler           |       |       |    32 |    57 ||    89
